 Dungeon Crawl Stone Soup version 0.30-a0-965-g42e074c17a (webtiles) character file.

Game seed: 17258291615283251855

1087 themarg the Summoner (level 8, -11/52 HPs)
             Began as a Merfolk Summoner on Mar 30, 2023.
             Was a Follower of Sif Muna.
             Engulfed by a cloud of flame (22 damage)
             ... on level 4 of the Dungeon.
             The game lasted 00:18:38 (4940 turns).

themarg the Summoner (Merfolk Summoner)             Turns: 4940, Time: 00:18:39

Health: -11/52     AC:  2    Str:  8    XL:     8   Next: 30%
Magic:  11/11      EV: 12    Int: 17    God:    Sif Muna [*.....]
Gold:   187        SH:  0    Dex: 14    Spells: 5/11 levels left

rFire   . . .      SeeInvis .    e - +0 spear
rCold   . . .      Faith    .    (no shield)
rNeg    + . .      Spirit   .    a - +0 robe
rPois   .          Reflect  .    (no helmet)
rElec   .          Rampage  .    (no cloak)
rCorr   .                        (no gloves)
Will    .....                    (no boots)
Stlth   ++                       (no amulet)
HPRegen 0.28/turn                i - ring of positive energy
MPRegen 0.12/turn                (no ring)

@: no status effects
A: (nimble swimmer 2), mertail
a: Renounce Religion, Channel Magic


You were on level 4 of the Dungeon.
You worshipped Sif Muna.
Sif Muna was aware of your devotion.
You visited 2 branches of the dungeon, and saw 5 of its levels.
You also visited: Sewer.

You collected 187 gold pieces.

Inventory:

Hand Weapons
 c - a +0 dagger
 e - a +0 spear (weapon)
Missiles
 d - 33 stones
 j - 10 boomerangs
 m - 14 poisoned darts (quivered)
Armour
 a - a +0 robe (worn)
Jewellery
 i - a ring of positive energy (left hand)
Scrolls
 f - a scroll of amnesia
 l - a scroll of fog
 o - a scroll of vulnerability {unknown}
 u - a scroll of enchant armour {unknown}
Potions
 b - a potion of magic
 g - 2 potions of degeneration {unknown}
 h - 2 potions of mutation
 k - 3 potions of curing
 n - 2 potions of flight
 p - a potion of invisibility {unknown}
 q - 2 potions of heal wounds
 r - a potion of haste
 s - a potion of cancellation {unknown}
 t - a potion of attraction {unknown}


   Skills:
 - Level 2.6 Dodging
 - Level 3.0 Stealth
 + Level 2.4 Spellcasting
 - Level 10.0 Summonings
 + Level 1.0 Air Magic


You had 5 spell levels left.
You knew the following spells:

 Your Spells              Type           Power      Damage    Failure   Level
a - Summon Small Mammal   Summ           100%       N/A       1%          1
b - Call Imp              Summ           36%        N/A       1%          2
c - Call Canine Familiar  Summ           36%        N/A       1%          3

Your spell library contained the following spells:

 Spells                   Type           Power      Damage    Failure   Level
 Summon Guardian Golem    Hex/Summ       19%        N/A       7%          3
 Sandblast                Erth           4%         2d4       19%         1
 Slow                     Hex            8%         N/A       19%         1
 Summon Lightning Spire   Summ/Air       20%        N/A       19%         4
 Blink                    Tloc           4%         N/A       28%         2
 Lesser Beckoning         Tloc           4%         N/A       28%         2
 Momentum Strike          Conj/Tloc      4%         3d8       28%         2
 Passwall                 Tmut/Erth      1%         N/A       28%         2
 Kindle Blastsparks       Fire/Tloc/Air  6%         2d10      43%         3
 Confusing Touch          Hex            2%         N/A       50%         3
 Vampiric Draining        Necr           2%         2d6       50%         3
 Fulminant Prism          Conj/Hex       1%         3d5       88%         4
 Iskenderun's Mystic Bla  Conj/Tloc      2%         2d3       88%         4
 Lee's Rapid Deconstruct  Erth           1%         3d4*      99%         5
 Ignition                 Fire           1%         3d3       100%        8
 Lehudib's Crystal Spear  Conj/Erth      1%         10d2      100%        8


Dungeon Overview and Level Annotations

Branches:
Dungeon (4/15)             Temple (1/1) D:4           Sewer (visited)

Altars:
Ashenzari
Cheibriados
Dithmenos
Elyvilon
Hepliaklqana
Ru
Sif Muna
Xom
The Shining One

Annotations:
D:2 Natasha
D:3 2 runed translucent doors, Brigand's ghost, amateur OpCj


Innate Abilities, Weirdness & Mutations

((You are very nimble when in or above water. (Stealth+, EV+, Speed+++)))
Your lower body shifts to a powerful aquatic tail in water.


Message History

Your bat dies!
Your bat's corpse disappears in a puff of smoke!
You see here a ball python corpse.
The iguana bites your wolf.
Reach: e) +0 spear
Press: ? - help, Dir - move target, f - iguana
Aim: an iguana (ally target, about 36% to evade your +0 spear)
You could not reach far enough!
Your wolf bites the iguana.
The iguana barely misses your wolf.
Your wolf bites the iguana.
Your white imp barely misses the iguana.
Reach: e) +0 spear
Press: ? - help, Dir - move target, f/p - iguana
Aim: an iguana (heavily wounded, not watching you, ally target, about 36% to evade your +0 spear)
You reach to attack!
You hit the iguana but do no damage.
The iguana is heavily wounded.
Your wolf bites the iguana but does no damage.
The iguana bites your wolf but does no damage.
Your wolf barely misses the iguana.
Your white imp hits the iguana.
Your white imp freezes the iguana.
Reach: e) +0 spear
Press: ? - help, Dir - move target, f/p - iguana
Aim: an iguana (almost dead, not watching you, ally target, about 36% to evade your +0 spear)
You could not reach far enough!
Your wolf barely misses the iguana.
The iguana bites your white imp.
Your wolf bites the iguana!
The iguana dies!
Sif Muna accepts your kill.
Your Air Magic skill increases to level 1!
You start resting.
Your wolf disappears in a puff of smoke!
HP restored.
You start resting.
Your white imp disappears in a puff of smoke!
Magic restored.
You're in a travel-excluded area, stopping explore.
You are engulfed in blazing flames.
You are engulfed in blazing flames.
Ouch! That really hurt!
* * * LOW HITPOINT WARNING * * *
You are engulfed in blazing flames.
You die...

######.........#
##........#######
#...###........#
*######...#####.# *#.#
#§§§# #.# ##..# #.$☼#
#.# # ##..#* #§§§# #.#
###..#*#####...#####.#
.....##)☼.......@§§..#
...#.....§§...!.§§§..#
..#####.☼§....?.☼☼○.##
..# *#####...######
..# #§☼§# ..# #§§.#
..# #.§☼# ..# #...#
..# #####..#*


There were no monsters in sight!

Vanquished Creatures
  Pikel (D:4)
  A kobold brigand (Sewer)
  An adder (D:3)
  A dart slug (D:3)
  An orc (D:3)
  3 bats
  2 endoplasms
  3 giant cockroaches
  4 goblins
  A hobgoblin (D:1)
  6 kobolds
24 creatures vanquished.

Vanquished Creatures (collateral kills)
  Sigmund (D:4)
  Edmund (D:4)
  A scorpion (D:4)
  A jelly (D:4)
  2 iguanas (D:4)
  An orc wizard (D:3)
  An adder (D:4)
  2 river rats (Sewer)
  A dart slug (D:4)
  7 orcs
  6 ball pythons
  2 endoplasms
  4 giant cockroaches
  7 goblins
  6 hobgoblins
  A jackal (Sewer)
  6 kobolds
  8 quokkas
  5 bats
  A frilled lizard (D:3)
  5 rats
69 creatures vanquished.

Vanquished Creatures (others)
  An orc (D:4)
  An endoplasm (D:4)
2 creatures vanquished.

Grand Total: 95 creatures vanquished

Notes
Turn   | Place    | Note
-------+----------+-------------------------------------------
     0 | D:1      | themarg the Merfolk Summoner began the quest for the Orb.
     0 | D:1      | Reached XP level 1. HP: 13/13 MP: 3/3
   154 | D:1      | Reached XP level 2. HP: 18/19 MP: 0/5
   161 | D:1      | Learned a level 2 spell: Call Imp
   430 | D:1      | Reached XP level 3. HP: 23/24 MP: 3/6
   434 | D:1      | Learned a level 3 spell: Call Canine Familiar
   961 | D:2      | Found a snail-covered altar of Cheibriados.
  1177 | D:2      | Noticed Natasha
  1178 | D:2      | Noticed a nameless horror
  1453 | D:3      | Reached skill level 5 in Summonings
  1578 | D:3      | Reached XP level 4. HP: 30/30 MP: 3/7
  1665 | D:3      | Got the Textbook on the Terrestrial Tropics
  2503 | D:3      | Found a large runed translucent door.
  2654 | D:3      | Found a large runed translucent door.
  2657 | D:3      | Noticed Brigand's ghost (amateur OpCj)
  2817 | D:4      | Noticed Sigmund
  2887 | D:4      | Found a staircase to the Ecumenical Temple.
  2896 | Temple   | Entered the Ecumenical Temple
  2905 | Temple   | Became a worshipper of Sif Muna the Loreminder
  2988 | D:4      | Reached XP level 5. HP: 35/35 MP: 4/8
  3012 | D:4      | Reached skill level 6 in Summonings
  3015 | D:4      | Found a glowing drain.
  3019 | Sewer    | Entered a sewer
  3119 | Sewer    | Noticed a kobold brigand
  3267 | Sewer    | Killed a kobold brigand
  3413 | Sewer    | Found a white marble altar of Elyvilon.
  3537 | D:4      | Reached skill level 7 in Summonings
  3537 | D:4      | Reached XP level 6. HP: 29/41 MP: 3/9
  3598 | D:4      | Noticed Pikel
  3698 | D:4      | Killed Pikel
  3699 | D:4      | Reached skill level 9 in Summonings
  3699 | D:4      | Reached XP level 7. HP: 46/46 MP: 2/10
  3850 | D:4      | Killed Sigmund
  3851 | D:4      | Reached XP level 8. HP: 52/52 MP: 5/11
  3864 | D:4      | Reached * piety under Sif Muna
  3868 | D:4      | Found a shimmering altar of Xom.
  4191 | D:4      | Noticed Edmund
  4335 | D:4      | Killed Edmund
  4336 | D:4      | Reached skill level 10 in Summonings
  4853 | D:4      | Found a shadowy altar of Dithmenos.
  4864 | D:4      | Reached skill level 1 in Air Magic
  4940 | D:4      | Engulfed by a cloud of flame

Illustrated notes

Levels and vault maps discovered:
D:1:      minmay_arrival_checkered_box, layout_rooms
D:2:      layout_basic, basic_altar, uniq_natasha
D:3:      layout_basic, ebering_ghost_disaster_area
D:4:      layout_layer_cave, xom_confusion_cloud,
          nicolae_dithmenos_through_a_glass_darkly, temple_pool_b,
          gup_sewer_entry_spiral, lemuel_flame_loot_1, uniq_sigmund, uniq_pikel,
          uniq_edmund
Temple:   mainiacjoe_temple_coin_purse

Skill      XL: |  1  2  3  4  5  6  7  8 |
---------------+-------------------------+-----
Stealth        | 3 |  3.0
Summonings     | 5 7 9 10 | 10.0
Air Magic      | 1 |  1.0
Dodging        | |  2.6
Spellcasting   | |  2.4

Action                     |  1- 3 |  4- 6 |  7- 9 || total
---------------------------+-------+-------+-------++-------
  Melee: Dagger            |    23 |       |       ||    23
         Spear             |    66 |   115 |    32 ||   213
         Tailslap          |       |     1 |     2 ||     3
         Punch             |       |     1 |       ||     1
  Throw: Dart              |       |    12 |    10 ||    22
   Cast: Summon Small Mamm |    45 |    21 |     7 ||    73
         Call Imp          |     5 |    17 |     8 ||    30
         Call Canine Famil |     2 |    15 |    12 ||    29
    Use: Scroll            |     4 |     3 |       ||     7
         Potion            |       |     1 |       ||     1
   Stab: Sleeping          |     1 |     3 |     1 ||     5
         Distracted        |     1 |       |     1 ||     2
 Armour: Robe              |    10 |    10 |       ||    20
  Dodge: Dodged            |    61 |    73 |     8 ||   142

Table legend: (Time is in decaauts)
 A = Elapsed time spent in this place.
 B = Non-inter-level travel time spent in this place.
 C = Inter-level travel time spent in this place.
 D = Time resting spent in this place.
 E = Time spent auto-exploring this place.
 F = Levels seen in this place.
 G = Mean time per level.
                   A        B        C        D        E       F      G
               +--------+--------+--------+--------+--------+-----+--------+
         Total |   4891 |   4782 |    109 |    379 |   3073 |   6 |  815.2 |
       Dungeon |   4465 |   4356 |    109 |    207 |   3028 |   4 | 1116.2 |
        Temple |     18 |     18 |      0 |      0 |      0 |   1 |   18.0 |
         Sewer |    406 |    406 |      0 |    172 |     45 |   1 |  406.0 |
               +--------+--------+--------+--------+--------+-----+--------+

Top non-repeatable levels by time:
     D:4: 1582 daAuts
     D:3: 1415 daAuts
     D:1: 922 daAuts
     D:2: 544 daAuts
   Sewer: 406 daAuts
  Temple: 18 daAuts
